 Dungeon Sprint DCSS version 0.29-a0-284-gf9362112df (webtiles) character file.

Game seed: 12057324656815219894

300680 mhtbhm the Swordmaster (level 18, -15/200 HPs)
             Began as a Minotaur Berserker on Mar 31, 2022.
             Was the Champion of Trog.
             Demolished by Ereshkigal
             ... wielding a +0 hand axe
              (16 damage)
             ... in the Dungeon (Sprint III: "The Ten Rune Challenge").
             The game lasted 00:45:04 (14193 turns).

mhtbhm the Swordmaster (Minotaur Berserker)        Turns: 14193, Time: 00:45:04

Health: -15/200    AC: 39    Str: 35    XL:     18   Next: 4%
Magic:  17/17      EV: 19    Int:  6    God:    Trog [******]
Gold:   2812       SH:  5    Dex: 11    Spells: 17/17 levels left

rFire   + . .      SeeInvis .   C - +9 great sword (holy)
rCold   + . .      Faith    .   (shield currently unavailable)
rNeg    + + +      Spirit   .   b - +5 plate armour "Sigheyck" {-Cast Rampage rPois Regen+}
rPois   +          Reflect  +   L - +2 hat of the Prince of Darkness {rCorr Str+3 Dex+2}
rElec   +          Harm     .   j - +2 cloak
rCorr   +          Rampage  +   i - +2 pair of gloves of Valiance {rElec rF+ Int+2}
Will    +++..      NoTele   +   W - +0 pair of boots of Youthful Indiscretion {rC+ Str+3}
Stlth   ++........ NoCast   +   w - amulet of reflection
HPRegen 1.23/turn               z - ring "Fogihuil" {rN++ Dex-4 Slay+4}
MPRegen 0.15/turn               P - ring of Brilliance {rN++ Will+}

@: mighty, on berserk cooldown, slowed, studying Maces & Flails, silenced, very
slow
A: horns 2, retaliatory headbutt, claws 1, agile 1, strong-willed 1
}: 6/10 runes: decaying, serpentine, silver, golden, obsidian, icy
a: Renounce Religion


You were in the Dungeon.
You worshipped Trog.
Trog was exalted by your worship.
You visited 1 branch You collected 5959 gold pieces.
You spent 3147 gold pieces at shops.

Inventory:

Hand Weapons
 a - a +4 triple sword of flaming
 h - a +6 vorpal triple sword
 y - a +3 antimagic double sword
 A - the +6 triple sword "Qitzoini" {flame, rElec rF- Dex+6 SInv}
   (You found it in the Dungeon)

   It burns those it strikes, dealing additional fire damage.
   Big, fiery blades are also staple armaments of hydra-hunters.
   Dex:       It affects your dexterity (+6).
   rF:        It makes you vulnerable to fire.
   rElec:     It insulates you from electricity.
   SInv:      It lets you see invisible.
 C - a +9 great sword of holy wrath (weapon)
 G - the +7 great sword "Noruor" {vorpal, Dex+5}
   (Trog gifted it to you in the Dungeon)

   It inflicts extra damage upon your enemies.
   Dex:       It affects your dexterity (+5).
 M - the +8 autumn katana {vorpal, manifold assault}
   (You found it in the Dungeon)

   It sometimes launches melee attacks against multiple visible enemies.
 S - a +2 vorpal demon blade
Missiles
 t - 3 curare-tipped darts (quivered)
 Y - 18 silver javelins
Armour
 b - the +5 plate armour "Sigheyck" (worn) {-Cast Rampage rPois Regen+}
   (You bought it in a shop in the Dungeon)

   rPois:     It protects you from poison.
   -Cast:     It prevents spellcasting.
   Regen:     It increases your rate of health regeneration.
   Rampage:   It bestows one free step when moving towards enemies.
 i - the +2 pair of gloves of Valiance (worn) {rElec rF+ Int+2}
   (You found it in the Dungeon)

   Int:       It affects your intelligence (+2).
   rF:        It protects you from fire.
   rElec:     It insulates you from electricity.
 j - a +2 cloak (worn)
 u - a +2 tower shield of reflection
 I - a +2 plate armour of fire resistance
 L - the +2 hat of the Prince of Darkness (worn) {rCorr Str+3 Dex+2}
   (You acquired it in the Dungeon)

   Str:       It affects your strength (+3).
   Dex:       It affects your dexterity (+2).
   rCorr:     It protects you from acid and corrosion.
 W - the +0 pair of boots of Youthful Indiscretion (worn) {rC+ Str+3}
   (You acquired it in the Dungeon)

   Str:       It affects your strength (+3).
   rC:        It protects you from cold.
Jewellery
 w - an amulet of reflection (around neck)
 z - the ring "Fogihuil" (left hand) {rN++ Dex-4 Slay+4}
   (You found it in the Dungeon)

   [ring of slaying]

   Dex:       It affects your dexterity (-4).
   Slay:      It affects your accuracy & damage with ranged weapons and melee
   (+4).
   rN:        It greatly protects you from negative energy.
 J - a ring of flight
 P - the ring of Brilliance (right hand) {rN++ Will+}
   (You found it in the Dungeon)

   [ring of willpower]

   rN:        It greatly protects you from negative energy.
   Will:      It increases your willpower.
 T - a ring of protection from fire
 V - the ring of Regumist {rElec rC++ Will+ Dex+6 Stlth+}
   (You acquired it in the Dungeon)

   [ring of dexterity]

   Dex:       It affects your dexterity (+6).
   rC:        It greatly protects you from cold.
   rElec:     It insulates you from electricity.
   Will:      It increases your willpower.
   Stlth:     It makes you more stealthy.
Wands
 p - a wand of polymorph (11)
 r - a wand of iceblast (22)
 Q - a wand of charming (5)
 R - a wand of mindburst (38)
 X - a wand of digging (7)
Scrolls
 l - 2 scrolls of holy word
 o - 2 scrolls of immolation
 v - a scroll of identify
 x - 5 scrolls of enchant armour
 D - a scroll of fear
 K - a scroll of fog
 N - 2 scrolls of silence
 O - 3 scrolls of enchant weapon
Potions
 e - 5 potions of haste
 f - 2 potions of magic
 g - a potion of berserk rage
 k - a potion of mutation
 m - 7 potions of curing
 n - 5 potions of flight
 B - 2 potions of might
 E - 4 potions of resistance
 F - a potion of ambrosia
Miscellaneous
 q - a lightning rod (4/4)
 s - the horn of Geryon
 H - a tin of tremorstones (2/2)
 U - a box of beasts


   Skills:
 O Level 27 Fighting
 O Level 27 Long Blades
 + Level 12.4 Throwing
 O Level 27 Armour
 O Level 27 Dodging
 + Level 18.0 Stealth
 O Level 27 Shields
 + Level 26.2 Evocations


You had 17 spell levels left.
You didn't know any spells.
Your spell library was empty.

Dungeon Overview and Level Annotations

Branches:
Dungeon (1/1)

Altars:
Cheibriados
Dithmenos
Elyvilon
Fedhas
Gozag
Hepliaklqana
Kikubaaqudgha
Makhleb
Nemelex Xobeh
Okawaru
Qazlal
Ru
Sif Muna
Trog
Uskayaw
Vehumet
Wu Jian
Xom
Yredelemnul
Zin
The Shining One
Beogh
Jiyva
Lugonu

Shops:
D (!=!:[[[![![((?:=:[?(:

Annotations:
D Ereshkigal


Innate Abilities, Weirdness & Mutations

You have a pair of horns on your head.
You reflexively headbutt those who attack you in melee.
You have sharp fingernails.
You are agile. (Dex +2)
You are strong-willed. (Will+)


Message History

Okay, then.
You miss Ereshkigal. Your headbutt misses Ereshkigal.
Ereshkigal is moderately wounded.
You feel yourself slow down. Ereshkigal gestures at you.
The bolt of cold misses you. The Tzitzimitl engulfs you.
* * * LOW HITPOINT WARNING * * *
The Tzitzimitl bites you but does no damage.
The Tzitzimitl barely misses you.
The Tzitzimitl bites you but does no damage.
Unknown command.
You barely miss the Tzitzimitl. Your headbutt misses the Tzitzimitl.
Ereshkigal hits you but does no damage.
The guardian mummy completely misses you.
The Tzitzimitl engulfs you but does no damage.
The Tzitzimitl bites you!
* * * LOW HITPOINT WARNING * * *
The Tzitzimitl engulfs you but does no damage.
The Tzitzimitl closely misses you.
Ereshkigal hits you with a +0 hand axe!!
* * * LOW HITPOINT WARNING * * *
Unknown command.
Unknown command.
Magic scrolls do not work when you're silenced!
Unknown command.
Okay, then.
Magic scrolls do not work when you're silenced!
Unknown command.
The guardian mummy attacks as you move away!
The guardian mummy hits you but does no damage.
The Tzitzimitl gestures at you.
The bolt of negative energy hits you but does no damage.
You resist. Ereshkigal hits you with a +0 hand axe.
* * * LOW HITPOINT WARNING * * *
The Tzitzimitl gestures at you. The bolt of negative energy misses you.
You see here a ghost moth corpse.
Unknown command.
Ereshkigal attacks as you move away! Ereshkigal hits you with a +0 hand axe!
You die...

▓#######'#############'
#§..#...§#§§§# ###≈≈≈≈
#§§)'.§.§'...# #[#≈#'#
#...#.§§§#...###'#≈#!#
##'########'###≈≈≈≈###
#...§§§....# #≈≈≈≈≈≈≈
##'############≈≈≈≈#[#
#.§§#.M§§...[###'#≈#.#
#§§§'@&1§§§§ #)#≈###
#.§†#§1.§§..!# ###≈≈≈≈
############## #####


You could see Ereshkigal (silencing, unsilenced), 2 Tzitzimimeh and a guardian
mummy.

Vanquished Creatures
  Antaeus (D)
  Gloorx Vloq (D)
  the Serpent of Hell (D)
  An ancient lich (D)
  Mennas (D)
  3 royal mummies (D)
  Sojobo (D)
  A Killer Klown (D)
  the Lernaean hydra (D)
  Boris (D)
  Geryon (D)
  Nikola (D)
  A Brimstone Fiend (D)
  An iron giant (D)
  A Hell Sentinel (D)
  5 Ice Fiends (D)
  Rupert (D)
  2 Orb Guardians (D)
  2 liches (D)
  3 deep elf blademasters (D)
  A deep elf master archer (D)
  Gastronok (D)
  An Executioner (D)
  Chuck (D)
  2 storm dragons (D)
  2 sphinxes (D)
  Roxanne (D)
  4 azure jellies (D)
  2 fire giants (D)
  3 shadow dragons (D)
  A nagaraja (D)
  A draconian knight (D)
  A frost giant (D)
  An iron dragon (D)
  3 ghost moths (D)
  2 draconian scorchers (D)
  2 draconian stormcallers (D)
  4 war gargoyles (D)
  A reaper (D)
  3 stone giants (D)
  Nessos (D)
  2 deep elf annihilators (D)
  A deep elf demonologist (D)
  Azrael (D)
  A yellow draconian (D)
  2 dire elephants (D)
  An ettin (shapeshifter) (D)
  2 iron golems (D)
  A deep elf death mage (D)
  7 mummy priests (D)
  4 yaktaur captains (D)
  A fire dragon (D)
  A deep elf high priest (D)
  Erolcha (D)
  A naga warrior (D)
  8 vault guards (D)
  2 hell beasts (D)
  3 hydras (D)
  An ogre mage (D)
  2 centaur warriors (D)
  5 anacondas (D)
  2 iron elementals (D)
  4 dancing weapons (D)
  4 death yaks (D)
  2 soul eaters (D)
  4 hell knights (D)
  Urug (D)
  A titan zombie (D)
  3 deep elf knights (D)
  2 sun demons (D)
  5 skeletal warriors (D)
  A shadow wraith (D)
  A spriggan druid (D)
  2 anaconda zombies (D)
  A glowing orange brain (D)
  A death drake (D)
  A spectral iron dragon (D)
  3 kraken simulacra (D)
  An obsidian statue (D)
  A glowing orange brain (shapeshifter) (D)
  2 orange crystal statues (D)
  An orc knight (D)
  4 swamp dragons (D)
  A lindwurm (D)
  2 deep elf pyromancers (D)
  4 crystal guardians (D)
  2 oklob plants (D)
  3 ugly things (D)
  A shining eye (D)
  An orc sorcerer (D)
  A moth of wrath (D)
  2 elephants (D)
  A stone giant skeleton (D)
  An iron troll simulacrum (D)
  3 rust devils (D)
  8 statues (D)
  5 black mambas (D)
  A guardian serpent (D)
  6 hellions (D)
  A rime drake (D)
  An anaconda simulacrum (D)
  2 ice devils (D)
  A komodo dragon (D)
  12 yaktaurs (D)
  24 guardian mummies (D)
  A queen bee (D)
  4 spriggan defenders (D)
  2 tyrant leeches (D)
  3 hornets (D)
  2 orc high priests (D)
  12 slime creatures (D)
  8 blink frogs (D)
  2 spriggans (D)
  10 shadows (D)
  A culicivora (shapeshifter) (D)
  A golden eye (D)
  5 redbacks (D)
  2 nagas (D)
  A spatial vortex (D)
  5 water moccasins (D)
  A hydra simulacrum (D)
  A floating eye (D)
  3 swamp drakes (D)
  3 wandering mushrooms (D)
  3 orc warriors (D)
  A black mamba simulacrum (D)
  5 two-headed ogres (D)
  A necrophage (D)
  A water elemental (D)
  32 killer bees (D)
  4 electric eels (D)
  10 quasits (D)
  A jelly (D)
  3 orc priests (D)
  Crazy Yiuf (D)
  Jessica (D)
  A wizard (D)
  2 orc wizards (D)
  2 necromancers (D)
  2 polar bear simulacra (D)
  A kobold demonologist (D)
  3 humans (D)
  2 adders (D)
  11 orcs (D)
  An endoplasm (D)
  2 rats (D)
  11 butterflies (D)
  5 plants (D)
  2 tentacles (D)
420 creatures vanquished.

Vanquished Creatures (collateral kills)
  A royal mummy (D)
  A golden dragon (D)
  A titan (D)
  Frances (D)
  Donald (D)
  A shadow dragon (D)
  A ghost moth (shapeshifter) (D)
  2 stone giants (D)
  A deep elf annihilator (D)
  8 vault guards (D)
  A deep elf knight (D)
  3 deep elf pyromancers (D)
  2 cane toads (D)
  A guardian mummy (D)
25 creatures vanquished.

Vanquished Creatures (others)
  A stone giant skeleton (D)
  A yaktaur (D)
  6 ball lightnings (D)
  2 ballistomycete spores (D)
  A bush (D)
  42 plants (D)
  7 tentacles (D)
60 creatures vanquished.

Grand Total: 505 creatures vanquished

Notes
Turn   | Place    | Note
-------+----------+-------------------------------------------
     0 | D        | mhtbhm the Minotaur Berserker began the quest for the Orb.
     0 | D        | Reached XP level 1. HP: 19/19 MP: 0/0
   128 | D        | Reached ** piety under Trog
   130 | D        | Noticed Jessica
   134 | D        | Killed Jessica
   135 | D        | Reached skill level 5 in Fighting
   135 | D        | Reached skill level 5 in Long Blades
   135 | D        | Reached skill level 1 in Stealth
   135 | D        | Reached XP level 2. HP: 28/30 MP: 1/1
   135 | D        | Reached XP level 3. HP: 34/37 MP: 2/2
   157 | D        | Noticed Crazy Yiuf
   169 | D        | Killed Crazy Yiuf
   169 | D        | Reached *** piety under Trog
   170 | D        | Reached XP level 4. HP: 41/47 MP: 3/3
   308 | D        | Noticed a water elemental
   313 | D        | Killed a water elemental
   398 | D        | Found a basalt altar of Yredelemnul.
   398 | D        | Found a shadowy altar of Dithmenos.
   398 | D        | Found a sacrificial altar of Ru.
   398 | D        | Noticed a necrophage
   403 | D        | Reached XP level 5. HP: 56/56 MP: 4/4
   452 | D        | Found a radiant altar of Vehumet.
   452 | D        | Found a shimmering blue altar of Sif Muna.
   452 | D        | Found an ancient bone altar of Kikubaaqudgha.
   458 | D        | Reached **** piety under Trog
   463 | D        | Reached skill level 5 in Armour
   517 | D        | Found a glowing silver altar of Zin.
   517 | D        | Found a glowing golden altar of the Shining One.
   517 | D        | Found a white marble altar of Elyvilon.
   518 | D        | Noticed a deep elf pyromancer
   533 | D        | Noticed a fire elemental
   533 | D        | Noticed a fire elemental
   534 | D        | Killed a deep elf pyromancer
   535 | D        | Reached XP level 6. HP: 70/70 MP: 5/5
   535 | D        | Reached XP level 7. HP: 75/75 MP: 6/6
   640 | D        | Found a hide-covered altar of Uskayaw.
   640 | D        | Found an iron altar of Okawaru.
   640 | D        | Found a bloodstained altar of Trog.
   640 | D        | Found an ornate altar of the Wu Jian Council.
   640 | D        | Noticed a human
   641 | D        | Noticed a human
   653 | D        | Killed a human
   653 | D        | Reached ***** piety under Trog
   657 | D        | Killed a human
   706 | D        | Noticed a shadow
   709 | D        | Killed a shadow
   710 | D        | Reached XP level 8. HP: 83/85 MP: 7/7
   715 | D        | Found a blossoming altar of Fedhas.
   715 | D        | Found a stormy altar of Qazlal.
   715 | D        | Found a snail-covered altar of Cheibriados.
   715 | D        | Found a burning altar of Makhleb.
   715 | D        | Found a shimmering altar of Xom.
   716 | D        | Found a hazy altar of Hepliaklqana.
   716 | D        | Found an opulent altar of Gozag.
   716 | D        | Found a sparkling altar of Nemelex Xobeh.
   716 | D        | Found a corrupted altar of Lugonu.
   716 | D        | Found a viscous altar of Jiyva.
   782 | D        | Received a gift from Trog
   869 | D        | Noticed a two-headed ogre
   879 | D        | Killed a two-headed ogre
   880 | D        | Reached skill level 15 in Long Blades
  1073 | D        | Noticed a two-headed ogre
  1073 | D        | Noticed Erolcha
  1079 | D        | Killed Erolcha
  1080 | D        | Reached skill level 5 in Stealth
  1080 | D        | Reached XP level 9. HP: 96/96 MP: 8/8
  1087 | D        | Killed a two-headed ogre
  1283 | D        | Reached skill level 15 in Fighting
  1290 | D        | Noticed a wandering mushroom
  1294 | D        | Noticed a wandering mushroom
  1296 | D        | Noticed a wandering mushroom
  1304 | D        | Received a gift from Trog
  1491 | D        | Noticed a cane toad
  1491 | D        | Noticed a komodo dragon
  1491 | D        | Noticed a cane toad
  1508 | D        | Killed a komodo dragon
  1511 | D        | Killed a cane toad
  1512 | D        | Killed a cane toad
  1513 | D        | Reached XP level 10. HP: 31/107 MP: 9/9
  1864 | D        | Received a gift from Trog
  2124 | D        | Noticed a lindwurm
  2128 | D        | Killed a lindwurm
  2445 | D        | Noticed Urug
  2452 | D        | Killed Urug
  2562 | D        | Noticed a seven-headed hydra
  2562 | D        | Noticed an eight-headed hydra
  2569 | D        | Killed a five-headed hydra
  2574 | D        | Killed a three-headed hydra
  2738 | D        | Reached ****** piety under Trog
  2792 | D        | Noticed a death drake
  2803 | D        | Killed a death drake
  2804 | D        | Reached XP level 11. HP: 98/117 MP: 10/10
  3059 | D        | Noticed an orc sorcerer
  3062 | D        | Identified the +3 great sword of Panentheism {vorpal,
                  | Str+4} (Trog gifted it to you in the Dungeon)
  3062 | D        | Received a gift from Trog
  3063 | D        | Killed an orc sorcerer
  3063 | D        | Received a gift from Trog
  3064 | D        | Reached skill level 1 in Throwing
  3071 | D        | Received a gift from Trog
  3086 | D        | Found Fyozxyoch's Antique Armour Emporium.
  3257 | D        | Noticed a deep elf pyromancer
  3257 | D        | Noticed a deep elf pyromancer
  3257 | D        | Noticed a deep elf knight
  3257 | D        | Noticed a deep elf pyromancer
  3257 | D        | Noticed a deep elf pyromancer
  3266 | D        | Killed a deep elf pyromancer
  3267 | D        | Reached skill level 10 in Dodging
  3267 | D        | Reached skill level 1 in Evocations
  3267 | D        | Noticed a deep elf demonologist
  3268 | D        | Noticed a deep elf annihilator
  3281 | D        | Killed a deep elf knight
  3281 | D        | Received a gift from Trog
  3282 | D        | Killed a deep elf pyromancer
  3283 | D        | Reached skill level 10 in Armour
  3283 | D        | Killed a deep elf pyromancer
  3304 | D        | Killed a deep elf pyromancer
  3304 | D        | Identified the +8 great mace "Wuymar" {flame, SInv} (Trog
                  | gifted it to you in the Dungeon)
  3304 | D        | Received a gift from Trog
  3306 | D        | Noticed a deep elf annihilator
  3315 | D        | Killed a deep elf annihilator
  3584 | D        | Noticed a deep elf annihilator
  3632 | D        | Noticed Donald
  3632 | D        | Noticed Frances
  3638 | D        | Killed Donald
  3643 | D        | Killed Frances
  3643 | D        | Received a gift from Trog
  3975 | D        | Noticed an orange crystal statue
  3991 | D        | Killed an orange crystal statue
  4053 | D        | Found Foofay's Book Emporium.
  4053 | D        | Found Tela's Distillery.
  4053 | D        | Found Losoaxiuc's Book Shoppe.
  4053 | D        | Found Meriar's Jewellery Boutique.
  4053 | D        | Found Lonkisso's Antique Armour Emporium.
  4053 | D        | Found Angarghi's Antique Weapon Shop.
  4053 | D        | Found Bousux's Magic Scroll Emporium.
  4054 | D        | Found Boisk's Book Boutique.
  4054 | D        | Found Uqame's Magic Scroll Shoppe.
  4054 | D        | Found Dumyasch's Antique Weapon Shop.
  4054 | D        | Found Jiugid's Antique Weapon Emporium.
  4095 | D        | Bought a twisted plate armour for 532 gold pieces
  4095 | D        | Identified the +5 plate armour "Sigheyck" {-Cast Rampage
                  | rPois Regen+} (You bought it in a shop in the Dungeon)
  4107 | D        | Bought a scroll of enchant weapon for 97 gold pieces
  4107 | D        | Bought a scroll of enchant weapon for 97 gold pieces
  4108 | D        | Bought an amulet of reflection for 420 gold pieces
  4116 | D        | Bought a scroll of identify for 22 gold pieces
  4116 | D        | Bought a scroll of enchant armour for 82 gold pieces
  4116 | D        | Bought a scroll of enchant weapon for 82 gold pieces
  4124 | D        | Bought a potion of curing for 42 gold pieces
  4124 | D        | Bought a potion of curing for 42 gold pieces
  4124 | D        | Bought a potion of curing for 42 gold pieces
  4124 | D        | Bought 2 potions of haste for 280 gold pieces
  4171 | D        | Received a gift from Trog
  4259 | D        | Reached XP level 12. HP: 104/130 MP: 11/11
  4283 | D        | Noticed a centaur warrior
  4290 | D        | Killed a centaur warrior
  4302 | D        | Identified the ring "Fogihuil" {rN++ Dex-4 Slay+4}
  4380 | D        | Noticed a fire dragon
  4388 | D        | Killed a fire dragon
  4483 | D        | Received a gift from Trog
  4490 | D        | Identified the +6 triple sword "Qitzoini" {flame, rElec rF-
                  | Dex+6 SInv}
  4594 | D        | Noticed a yaktaur captain
  4630 | D        | Killed a yaktaur captain
  4802 | D        | Noticed an iron golem
  4807 | D        | Reached skill level 1 in Shields
  4943 | D        | Killed an iron golem
  5078 | D        | Received a gift from Trog
  5111 | D        | Received a gift from Trog
  5151 | D        | Noticed a lich
  5158 | D        | Killed a lich
  5336 | D        | Reached skill level 15 in Armour
  5357 | D        | Noticed Rupert
  5365 | D        | Killed Rupert
  5366 | D        | Reached XP level 13. HP: 146/146 MP: 12/12
  5458 | D        | Noticed a dire elephant
  5458 | D        | Noticed a dire elephant
  5458 | D        | Noticed Gastronok
  5466 | D        | Killed a dire elephant
  5475 | D        | Killed a dire elephant
  5478 | D        | Received a gift from Trog
  5487 | D        | Killed Gastronok
  5536 | D        | Noticed an azure jelly
  5536 | D        | Noticed an azure jelly
  5536 | D        | Noticed an azure jelly
  5582 | D        | Received a gift from Trog
  5605 | D        | Noticed an azure jelly
  5642 | D        | Received a gift from Trog
  5649 | D        | Found Pukeziz's Antique Weapon Shoppe.
  5649 | D        | Found Joist's Distillery.
  5649 | D        | Found Satebrie's Jewellery Emporium.
  5669 | D        | Noticed the 27-headed Lernaean hydra
  5698 | D        | Killed the 26-headed Lernaean hydra
  5746 | D        | Bought a potion of heal wounds for 50 gold pieces
  5746 | D        | Bought a potion of might for 40 gold pieces
  5760 | D        | Got a decaying rune of Zot
  5906 | D        | Received a gift from Trog
  5945 | D        | Received a gift from Trog
  5961 | D        | Reached skill level 5 in Shields
  5988 | D        | Noticed a nagaraja
  5992 | D        | Found Ogett's Distillery.
  5992 | D        | Found Tuomniro's Book Shoppe.
  5993 | D        | Identified the +7 great sword "Noruor" {vorpal, Dex+5}
                  | (Trog gifted it to you in the Dungeon)
  5993 | D        | Received a gift from Trog
  5994 | D        | Found Emub's Antique Armour Boutique.
  6000 | D        | Killed a nagaraja
  6005 | D        | Reached skill level 27 in Long Blades
  6005 | D        | Reached XP level 14. HP: 94/162 MP: 13/13
  6093 | D        | Bought a potion of heal wounds for 55 gold pieces
  6093 | D        | Bought 2 potions of heal wounds for 110 gold pieces
  6093 | D        | Bought a potion of might for 44 gold pieces
  6108 | D        | Got a serpentine rune of Zot
  6173 | D        | Found a blossoming altar of Fedhas.
  6181 | D        | Received a gift from Trog
  6351 | D        | Received a gift from Trog
  6353 | D        | Received a gift from Trog
  6355 | D        | Received a gift from Trog
  6577 | D        | Noticed a sphinx
  6577 | D        | Noticed a sphinx
  6578 | D        | Paralysed by a sphinx for 2 turns
  6597 | D        | Killed a sphinx
  6597 | D        | Received a gift from Trog
  6600 | D        | Killed a sphinx
  6868 | D        | Received a gift from Trog
  7098 | D        | Reached skill level 27 in Fighting
  7163 | D        | Received a gift from Trog
  7287 | D        | Reached skill level 5 in Evocations
  7362 | D        | Noticed a royal mummy
  7362 | D        | Noticed a royal mummy
  7368 | D        | Noticed an emperor scorpion
  7371 | D        | Killed a royal mummy
  7378 | D        | Killed a royal mummy
  7378 | D        | Received a gift from Trog
  7379 | D        | Reached skill level 10 in Shields
  7573 | D        | Got a golden rune of Zot
  7689 | D        | Acquired 793 gold pieces
  7693 | D        | Acquired 692 gold pieces
  7761 | D        | Noticed Chuck
  7764 | D        | Reached skill level 10 in Stealth
  7775 | D        | Killed Chuck
  7893 | D        | Gained mutation: Your magical capacity is low. (-10% MP) [a
                  | shining eye]
  7893 | D        | Noticed Sojobo
  7917 | D        | Killed a ghost moth
  7917 | D        | Received a gift from Trog
  7922 | D        | Killed Sojobo
  8061 | D        | Noticed a lich
  8071 | D        | Killed a lich
  8135 | D        | Noticed a shadow dragon
  8135 | D        | Noticed a shadow dragon
  8140 | D        | Killed a shadow dragon
  8146 | D        | Killed a shadow dragon
  8194 | D        | Reached XP level 15. HP: 137/174 MP: 12/12
  8200 | D        | Received a gift from Trog
  8372 | D        | Bought a ring of flight for 245 gold pieces
  8373 | D        | Bought a scroll of fog for 26 gold pieces
  8377 | D        | Bought a scroll of identify for 22 gold pieces
  8377 | D        | Bought a scroll of identify for 22 gold pieces
  8385 | D        | Bought 2 potions of flight for 84 gold pieces
  8581 | D        | Noticed Azrael
  8590 | D        | Killed Azrael
  8654 | D        | Acquired the +2 hat of the Prince of Darkness {rCorr Str+3
                  | Dex+2}
  8735 | D        | Received a gift from Trog
  8743 | D        | Identified the +6 spear of Excruciating Pain {vorpal, rN+
                  | Int+2}
  8936 | D        | Noticed a deep elf master archer
  9077 | D        | Received a gift from Trog
  9081 | D        | Killed a deep elf master archer
  9150 | D        | Identified the ring of Brilliance {rN++ Will+}
  9152 | D        | Identified the +4 hunting sling "Xeenitine" {freeze, Str+2}
  9289 | D        | Received a gift from Trog
  9327 | D        | Paralysed by an air elemental for 1 turns
  9339 | D        | Received a gift from Trog
  9402 | D        | Reached skill level 15 in Shields
  9415 | D        | Found Adusaw's Distillery.
  9415 | D        | Found Fanie's Distillery.
  9415 | D        | Found Zacwaf's Armour Shop.
  9415 | D        | Found Guvasy's Armour Shoppe.
  9440 | D        | Identified Roxanne's Catalogue of the Mountains
  9440 | D        | Noticed Roxanne
  9453 | D        | Killed Roxanne
  9493 | D        | Received a gift from Trog
  9496 | D        | Reached skill level 10 in Evocations
  9501 | D        | Reached skill level 27 in Armour
  9512 | D        | Received a gift from Trog
  9555 | D        | Found Boso's Armour Boutique.
  9614 | D        | Noticed Nikola
  9614 | D        | Noticed a storm dragon
  9619 | D        | Killed a storm dragon
  9629 | D        | Killed Nikola
  9629 | D        | Received a gift from Trog
  9630 | D        | Reached skill level 15 in Dodging
  9705 | D        | Received a gift from Trog
  9839 | D        | Bought a potion of haste for 110 gold pieces
  9839 | D        | Bought a potion of haste for 110 gold pieces
  9839 | D        | Bought a potion of heal wounds for 55 gold pieces
  9840 | D        | Bought a potion of haste for 140 gold pieces
  9840 | D        | Bought a potion of heal wounds for 70 gold pieces
  9840 | D        | Bought a potion of haste for 140 gold pieces
  9840 | D        | Bought a potion of curing for 42 gold pieces
  9850 | D        | Noticed Boris
  9872 | D        | Killed Boris
  9872 | D        | Received a gift from Trog
 10155 | D        | Bought a potion of might for 44 gold pieces
 10330 | D        | Killed an azure jelly
 10332 | D        | Killed an azure jelly
 10333 | D        | Reached skill level 5 in Throwing
 10336 | D        | Killed an azure jelly
 10336 | D        | Received a gift from Trog
 10338 | D        | Killed an azure jelly
 10719 | D        | Noticed a shadow dragon
 10719 | D        | Noticed a golden dragon
 10719 | D        | Noticed a shadow dragon
 10719 | D        | Noticed a fire giant
 10720 | D        | Noticed a titan
 10723 | D        | Received a gift from Trog
 10738 | D        | Reached XP level 16. HP: 44/183 MP: 13/13
 10740 | D        | Killed a golden dragon
 10758 | D        | Killed a shadow dragon
 10760 | D        | Killed a titan
 10760 | D        | Received a gift from Trog
 10763 | D        | Killed a shadow dragon
 10766 | D        | Reached skill level 15 in Evocations
 10768 | D        | HP: 5/183 [fire giant/bolt of fire (88)]
 10772 | D        | Received a gift from Trog
 10786 | D        | Received a gift from Trog
 10833 | D        | Got a silver rune of Zot
 10835 | D        | Identified the ring of Xiut {Wiz +Blink rCorr Str-4 Stlth+}
 10837 | D        | Identified the +1 chain mail of Magic {rElec}
 10916 | D        | Acquired the ring of Regumist {rElec rC++ Will+ Dex+6
                  | Stlth+}
 10920 | D        | Acquired the +0 pair of boots of Youthful Indiscretion {rC+
                  | Str+3}
 11149 | D        | Received a gift from Trog
 11189 | D        | Noticed an Executioner
 11193 | D        | Killed an Executioner
 11225 | D        | Noticed Nessos
 11231 | D        | Killed Nessos
 11245 | D        | Gained mutation: You are dopey. (Int -2) [a shining eye]
 11264 | D        | Received a gift from Trog
 11265 | D        | Reached skill level 27 in Shields
 11301 | D        | Noticed a deep elf blademaster
 11301 | D        | Noticed a deep elf blademaster
 11301 | D        | Noticed a deep elf blademaster
 11319 | D        | Killed a deep elf blademaster
 11324 | D        | Killed a deep elf blademaster
 11336 | D        | Killed a deep elf blademaster
 11538 | D        | Noticed a Killer Klown
 11553 | D        | Killed a Killer Klown
 11624 | D        | Noticed an Orb Guardian
 11624 | D        | Noticed an Orb Guardian
 11634 | D        | Killed an Orb Guardian
 11638 | D        | Killed an Orb Guardian
 11646 | D        | Received a gift from Trog
 11707 | D        | Noticed an ancient lich
 11723 | D        | Killed an ancient lich
 11787 | D        | Noticed a storm dragon
 11794 | D        | Killed a storm dragon
 11808 | D        | Received a gift from Trog
 12037 | D        | Lost intelligence.
 12066 | D        | Lost mutation: You are dopey. (Int -2) [potion of mutation]
 12066 | D        | Lost mutation: Your magical capacity is low. (-10% MP)
                  | [potion of mutation]
 12066 | D        | Gained mutation: Armour fits poorly on your strangely
                  | shaped body. [potion of mutation]
 12066 | D        | Gained mutation: Your magical capacity is low. (-10% MP)
                  | [potion of mutation]
 12066 | D        | Gained mutation: You are agile. (Dex +2) [potion of
                  | mutation]
 12068 | D        | Lost mutation: Your magical capacity is low. (-10% MP)
                  | [potion of mutation]
 12068 | D        | Lost mutation: Armour fits poorly on your strangely shaped
                  | body. [potion of mutation]
 12068 | D        | Gained mutation: You have sharp fingernails. [potion of
                  | mutation]
 12068 | D        | Gained mutation: You are strong-willed. (Will+) [potion of
                  | mutation]
 12155 | D        | Acquired a manual of Dodging
 12167 | D        | Noticed Mennas
 12211 | D        | Killed Mennas
 12212 | D        | Reached XP level 17. HP: 106/191 MP: 16/16
 12308 | D        | Received a gift from Trog
 12398 | D        | Noticed Geryon
 12402 | D        | Received a gift from Trog
 12419 | D        | Killed Geryon
 12518 | D        | Acquired 526 gold pieces
 12530 | D        | Noticed an iron giant
 12540 | D        | Killed an iron giant
 12541 | D        | Identified the +8 long sword of Moureimnoa {vorpal, rElec
                  | Str+3 Dex+2} (Trog gifted it to you in the Dungeon)
 12541 | D        | Received a gift from Trog
 12650 | D        | Received a gift from Trog
 12688 | D        | Noticed a Hell Sentinel
 12696 | D        | Killed a Hell Sentinel
 12699 | D        | Identified the +2 pair of gloves of Valiance {rElec rF+
                  | Int+2}
 12699 | D        | Identified the +0 pair of boots of the Destroying Gods
                  | {Harm +Inv}
 12701 | D        | Identified the +5 spear "Tilloo" {venom, rPois Int-5 Dex+2
                  | Stlth+}
 12789 | D        | Noticed an Ice Fiend
 12792 | D        | Killed an Ice Fiend
 12792 | D        | Received a gift from Trog
 12814 | D        | Noticed an Ice Fiend
 12815 | D        | Killed an Ice Fiend
 12827 | D        | Noticed an Ice Fiend
 12830 | D        | Killed an Ice Fiend
 12856 | D        | Noticed an Ice Fiend
 12860 | D        | Killed an Ice Fiend
 12876 | D        | Noticed an Ice Fiend
 12881 | D        | Killed an Ice Fiend
 12882 | D        | Reached skill level 27 in Dodging
 12911 | D        | Noticed Antaeus
 12943 | D        | Killed Antaeus
 12947 | D        | Got an icy rune of Zot
 13143 | D        | Noticed the Serpent of Hell
 13162 | D        | Noticed a golden dragon
 13167 | D        | Killed the Serpent of Hell
 13178 | D        | Noticed a Brimstone Fiend
 13186 | D        | Killed a Brimstone Fiend
 13186 | D        | Received a gift from Trog
 13272 | D        | Reached skill level 15 in Stealth
 13493 | D        | Found the +8 autumn katana {vorpal, manifold assault}
 13544 | D        | Identified the +1 ring mail "Veymir" {*Corrode rPois Regen+
                  | SInv}
 13547 | D        | Got an obsidian rune of Zot
 13601 | D        | Noticed a royal mummy
 13602 | D        | Received a gift from Trog
 13609 | D        | Killed a royal mummy
 13628 | D        | Noticed Gloorx Vloq
 13641 | D        | Killed Gloorx Vloq
 13642 | D        | Reached skill level 10 in Throwing
 13804 | D        | Identified the +3 triple sword of Uticheoh {flame, rCorr}
                  | (Trog gifted it to you in the Dungeon)
 13804 | D        | Received a gift from Trog
 13941 | D        | Noticed an Orb Guardian
 13960 | D        | Received a gift from Trog
 13973 | D        | Acquired 1109 gold pieces
 13989 | D        | Received a gift from Trog
 13991 | D        | Noticed a royal mummy
 13991 | D        | Received a gift from Trog
 13997 | D        | Noticed Ereshkigal
 13997 | D        | Noticed a royal mummy
 13998 | D        | Reached XP level 18. HP: 190/200 MP: 1/17
 13998 | D        | Noticed a Tzitzimitl
 14014 | D        | Killed a royal mummy
 14150 | D        | Noticed a Tzitzimitl
 14168 | D        | Noticed a Tzitzimitl
 14178 | D        | Noticed a Tzitzimitl
 14180 | D        | Noticed a Tzitzimitl
 14191 | D        | HP: 4/200 [Ereshkigal/+0 hand axe (21)]
 14192 | D        | HP: 1/200 [Ereshkigal/+0 hand axe (5)]
 14193 | D        | Demolished by Ereshkigal

Illustrated notes

Levels and vault maps discovered:
D:        dungeon_sprint_mu [sprint_mu_entry_cave, sprint_mu_temple_rooms,
          sprint_mu_d1_spiders, sprint_mu_d2_genie, sprint_mu_d3_branching,
          sprint_mu_orc_legion, sprint_mu_elf_gauntlet, sprint_mu_hive_nellie,
          sprint_mu_lair_fedhas, sprint_mu_vaults_butterflies,
          sprint_mu_slime_circle, sprint_mu_swamp_cave, sprint_mu_snake_twists,
          sprint_mu_blade_basic, sprint_mu_crypt_fortress,
          sprint_mu_tomb_spiral, sprint_mu_vestibule_basic,
          sprint_mu_gehenna_hellfire, sprint_mu_dis_giant,
          sprint_mu_tartarus_statrot, sprint_mu_cocytus_islands, sprint_mu_zot1]

Skill      XL: |  1  2  3  4  5  6  7  8  9 10 11 12 13 14 15 16 17 18 |
---------------+-------------------------------------------------------+-----
Fighting       | 5 7 8 11 12 14 15 17 19 22 25 27 | 27.0
Long Blades    | 5 6 8 12 13 16 18 20 23 25 27 | 27.0
Armour         | 3 4 5 6 7 9 11 15 18 24 27 | 27.0
Stealth        | 1 3 4 5 6 7 9 10 11 13 17 18 | 18.0
Dodging        | 3 6 7 8 9 11 12 14 16 21 27 | 27.0
Throwing       | 2 5 8 11 12 | 12.4
Evocations     | 3 7 13 20 26 | 26.2
Shields        | 1 5 12 22 27 | 27.0

Action                   |  1- 3 |  4- 6 |  7- 9 | 10-12 | 13-15 | 16-18 || total
-------------------------+-------+-------+-------+-------+-------+-------++-------
Melee: Falchion          |    15 |    34 |       |       |       |       ||    49
       Headbutt          |     3 |     6 |    17 |    64 |   154 |   115 ||   359
       Long sword        |       |       |    36 |       |       |       ||    36
       Great sword       |       |       |    53 |   221 |   405 |   164 ||   843
       Punch             |       |       |     1 |       |       |       ||     1
       Triple sword      |       |       |       |    55 |   143 |   289 ||   487
Throw: Javelin           |       |       |       |     3 |       |    18 ||    21
       Dart              |       |       |       |     1 |     2 |     5 ||     8
Invok: Berserk           |     1 |     3 |     4 |    11 |    11 |    10 ||    40
       Brothers in Arms  |       |       |     1 |     4 |     6 |     6 ||    17
       Trog's Hand       |       |       |       |       |       |     3 ||     3
Evoke: Lightning rod     |       |       |       |     5 |    10 |       ||    15
       Wand              |       |       |       |     2 |     3 |     2 ||     7
       Tin of tremorston |       |       |       |       |     6 |     9 ||    15
       Horn of Geryon    |       |       |       |       |       |     1 ||     1
  Use: Scroll            |       |       |       |     4 |     8 |    13 ||    25
       Potion            |       |       |       |     2 |     7 |    24 ||    33
 Stab: Sleeping          |     1 |     1 |     1 |     5 |       |     5 ||    13
       Distracted        |       |       |       |     1 |     1 |     3 ||     5
       Invisible         |       |       |       |       |     1 |       ||     1
       Confused          |       |       |       |       |       |     2 ||     2
Armor: Animal skin       |       |     2 |       |       |       |       ||     2
       Ring mail         |       |       |     9 |    22 |       |       ||    31
       Plate armour      |       |       |       |    38 |   297 |   225 ||   560
Dodge: Dodged            |     4 |    10 |    36 |    93 |   205 |   340 ||   688
Block: Other             |       |       |       |    13 |    85 |    97 ||   195
       Reflection        |       |       |       |     1 |     4 |     1 ||     6

Table legend: (Time is in decaauts) A = Elapsed time spent in this place. B = Non-inter-level travel time spent in this place. C = Inter-level travel time spent in this place. D = Time resting spent in this place. E = Time spent auto-exploring this place. F = Levels seen in this place. G = Mean time per level. A B C D E F G +--------+--------+--------+--------+--------+-----+--------+ Total | 14130 | 13654 | 476 | 7744 | 248 | 1 | 14130.0 | Dungeon | 14130 | 13654 | 476 | 7744 | 248 | 1 | 14130.0 | +--------+--------+--------+--------+--------+-----+--------+

Top non-repeatable levels by time:
       D: 14130 daAuts
